 Dungeon Crawl Stone Soup version 0.30-a0-779-g7971cf19c3 (webtiles) character file.

Game seed: 8976311877125285037

353 HoaS the Skirmisher (level 6, -5/31 (34) HPs)
             Began as a Deep Elf Hunter on Feb 17, 2023.
             Slain by Edmund
             ... wielding a +7 dire flail of draining
              (11 damage)
             ... on level 4 of the Dungeon.
             The game lasted 00:05:35 (3172 turns).

HoaS the Skirmisher (Deep Elf Hunter)               Turns: 3172, Time: 00:05:36

HP:   -5/31 (34)    AC:  7    Str:  8    XL:     6   Next: 35%
MP:   8/8           EV: 12    Int: 14    God:
Gold: 177           SH:  0    Dex: 20    Spells: 5/5 levels left

rFire   . . .      SeeInvis .    a - +2 shortbow
rCold   . . .      Faith    .    (shield currently unavailable)
rNeg    . . .      Spirit   .    c - +1 leather armour
rPois   .          Reflect  .    (no helmet)
rElec   .          Harm     .    (no cloak)
rCorr   .          Rampage  .    k - +0 pair of gloves
Will    .....                    m - +1 pair of boots
Stlth   ++                       (no amulet)
HPRegen 0.25/turn                (no ring)
MPRegen 0.11/turn                (no ring)

@: drained
A: no striking features
a: no special abilities


You were on level 4 of the Dungeon.
You visited 1 branch of the dungeon, and saw 4 of its levels.

You collected 177 gold pieces.

Inventory:

Hand Weapons
 a - a +2 shortbow (weapon)
Armour
 c - a +1 leather armour (worn)
 k - a +0 pair of gloves (worn)
 m - a +1 pair of boots (worn)
Scrolls
 b - a scroll of immolation
 j - 2 scrolls of teleportation
Potions
 d - 2 potions of degeneration {unknown}
 e - 2 potions of mutation {unknown}
 f - a potion of cancellation {unknown}
 g - a potion of haste {unknown}
 h - 3 potions of curing
 i - a potion of attraction {unknown}
 l - 3 potions of brilliance {unknown}
 n - a potion of resistance {unknown}


   Skills:
 - Level 1.5 Fighting
 + Level 10.1 Ranged Weapons
 - Level 2.4 Dodging
 - Level 1.2 Stealth


You had 5 spell levels left.
You didn't know any spells.
Your spell library contained the following spells:

 Spells                   Type           Power      Damage    Failure   Level
 Cigotuvi's Dreadful Rot  Necr/Pois/Air  0%         N/A       54%         2
 Dispel Undead            Necr           0%         3d6       99%         4
 Death Channel            Necr           0%         N/A       100%        6


Dungeon Overview and Level Annotations

Branches:
Dungeon (4/15)
 Temple: D:4-7

Altars:

Annotations:
D:3 Sigmund
D:4 Edmund


Message History

No target in view!
Found a trident.
You see here a hound corpse.
HP restored.
Found a stone staircase leading down.
You open the door.
There is an open door here.
Edmund the Younger comes into view.
He is wielding a +7 dire flail of draining.
You shoot an arrow. The arrow hits Edmund!
Edmund shouts!
Edmund is lightly wounded.
You shoot an arrow. The arrow hits Edmund!
Edmund is heavily wounded.
You shoot an arrow. The arrow hits Edmund.
Edmund is heavily wounded.
You shoot an arrow. The arrow barely misses Edmund.
You shoot an arrow. The arrow hits Edmund.
Edmund is severely wounded.
You shoot an arrow. The arrow barely misses Edmund.
You shoot an arrow. The arrow hits Edmund.
Edmund is severely wounded.
Edmund hits you with a +7 dire flail of draining!
You feel drained.
You shoot an arrow.
The arrow hits Edmund but does no damage.
Edmund is severely wounded.
Edmund hits you with a +7 dire flail of draining.
You feel drained.
You shoot an arrow. The arrow hits Edmund.
Edmund is severely wounded.
Edmund closely misses you.
You shoot an arrow. The arrow hits Edmund.
Edmund is almost dead.
Edmund hits you with a +7 dire flail of draining.
* * * LOW HITPOINT WARNING * * *
You feel drained.
* * * LOW HITPOINT WARNING * * *
You shoot an arrow. The arrow closely misses Edmund.
Edmund hits you with a +7 dire flail of draining!
You die...

..... #... #.# $ #... #.#
#..... #... #.# ..... #.. #.#
..... #.# #.# $....##.########
#.# ....(...@@...... #.#
......#.###########.#####
###########.#.# #..............
#.............# #.#######.#####
####.#########..###.# #........
#.................#.# #.#.#####
#.##.########.#[..#.#####.#...#
.....#...# #.............#.#.#
#.#..#.#.########.#.#####.....#


You could see Edmund.

Vanquished Creatures
  A phantom (D:4)
  A scorpion (D:4)
  2 hounds (D:4)
  An iguana (D:4)
  Jessica (D:3)
  3 adders (D:2)
  4 worms
  3 dart slugs
  An orc (D:3)
  7 endoplasms
  2 giant cockroaches (D:2)
  5 hobgoblins (D:1)
  4 quokkas
  11 ball pythons
  4 bats
  5 frilled lizards
  4 goblins
  6 kobolds
  4 rats
69 creatures vanquished.

Notes
Turn   | Place    | Note
-------+----------+-------------------------------------------
     0 | D:1      | HoaS the Deep Elf Hunter began the quest for the Orb.
     0 | D:1      | Reached XP level 1. HP: 12/12 MP: 3/3
   137 | D:1      | Reached XP level 2. HP: 16/16 MP: 4/4
   144 | D:1      | Reached skill level 6 in Ranged Weapons
   973 | D:2      | Reached XP level 3. HP: 14/20 MP: 5/5
  1111 | D:2      | Reached skill level 7 in Ranged Weapons
  1270 | D:2      | Reached XP level 4. HP: 15/25 MP: 6/6
  1344 | D:2      | Noticed Jessica
  2369 | D:3      | Noticed Sigmund
  2639 | D:3      | Reached skill level 8 in Ranged Weapons
  2711 | D:3      | Killed Jessica
  2748 | D:4      | Reached XP level 5. HP: 29/29 MP: 7/7
  2991 | D:4      | Reached skill level 9 in Ranged Weapons
  3017 | D:4      | Noticed a phantom
  3031 | D:4      | Killed a phantom
  3032 | D:4      | Reached XP level 6. HP: 34/34 MP: 8/8
  3084 | D:4      | Reached skill level 10 in Ranged Weapons
  3161 | D:4      | Noticed Edmund
  3172 | D:4      | Slain by Edmund

Illustrated notes

Levels and vault maps discovered:
D:1:      dpeg_arrival_brainrot, layout_loops_cross, nrook_loot_triangle,
          minivault_11, minivault_4, nicolae_figureground_pulse
D:2:      layout_loops_ring, uniq_jessica
D:3:      layout_loops_cross, uniq_sigmund
D:4:      layout_basic, cheibrodos_worm_habitat, uniq_edmund, uniq_blork_the_orc

Skill      XL: |  1  2  3  4  5  6 |
---------------+-------------------+-----
Ranged Weapons | 6 7 8 9 10 | 10.1
Fighting       | |  1.5
Dodging        | |  2.4
Stealth        | |  1.2

Action                     |  1- 3 |  4- 6 || total
---------------------------+-------+-------++-------
   Fire: Shortbow          |    96 |   106 ||   202
    Use: Scroll            |     4 |     4 ||     8
 Armour: Leather armour    |     8 |     3 ||    11
  Dodge: Dodged            |    25 |    17 ||    42

Table legend: (Time is in decaauts)
 A = Elapsed time spent in this place.
 B = Non-inter-level travel time spent in this place.
 C = Inter-level travel time spent in this place.
 D = Time resting spent in this place.
 E = Time spent auto-exploring this place.
 F = Levels seen in this place.
 G = Mean time per level.
                   A        B        C        D        E       F      G
               +--------+--------+--------+--------+--------+-----+--------+
         Total |   3208 |   3073 |    135 |    605 |   2050 |   4 |  802.0 |
       Dungeon |   3208 |   3073 |    135 |    605 |   2050 |   4 |  802.0 |
               +--------+--------+--------+--------+--------+-----+--------+

Top non-repeatable levels by time:
     D:2: 988 daAuts
     D:1: 959 daAuts
     D:3: 829 daAuts
     D:4: 431 daAuts
